 Dungeon Crawl Stone Soup version 0.24-a0-264-gf46a388 (webtiles) character file.

Game seed: 11846957958854063302

84 Hasart the Cutter (level 4, -1/29 HPs)
             Began as a Kobold Monk on Apr 20, 2019.
             Slain by a worker ant (6 damage)
             ... on level 3 of the Dungeon.
             The game lasted 00:03:35 (2918 turns).

Hasart the Cutter (Kobold Monk)                     Turns: 2918, Time: 00:03:36

Health: -1/29      AC:  3    Str:  9    XL:     4   Next: 74%
Magic:  4/4        EV: 17    Int: 11    God:
Gold:   65         SH:  0    Dex: 17    Spells: 3/3 levels left

rFire    . . .     SeeInvis .   a - +0 short sword
rCold    . . .     Gourm    .   (shield restricted)
rNeg     . . .     Faith    .   b - +0 robe
rPois    .         Spirit   .   q - +1 hat
rElec    .         Reflect  .   (no cloak)
rCorr    .         Harm     .   (no gloves)
MR       .....     Rnd*Tele +   (no boots)
Stlth    +++.......             (no amulet)
HPRegen  0.09/turn              p - ring of teleportation (curse)
MPRegen  0.09/turn              (no ring)

@: lethally poisoned (-1 -> -5)
A: small, carnivore
a: no special abilities


You were on level 3 of the Dungeon.
You were very full.

You visited 1 branch of the dungeon, and saw 3 of its levels.

You collected 65 gold pieces.

Inventory:

Hand Weapons
 a - a +0 short sword (weapon)
Missiles
 f - a throwing net (quivered)
Armour
 b - a +0 robe (worn)
 q - a +1 hat (worn)
Jewellery
 p - a cursed ring of teleportation (left hand)
Scrolls
 i - 3 scrolls of identify
 m - a scroll of magic mapping
Potions
 h - 2 potions of heal wounds
 j - a potion of might
 k - 2 potions of lignification
 l - a potion of flight {unknown}
Comestibles
 c - 4 rations


   Skills:
 + Level 3.9 Fighting
 * Level 5.3 Short Blades
 + Level 4.2 Dodging
 + Level 3.6 Stealth


You had 3 spell levels left.
You didn't know any spells.
Your spell library was empty.

Dungeon Overview and Level Annotations

Branches:
Dungeon (3/15)

Altars:

Annotations:
D:3 Robin


Innate Abilities, Weirdness & Mutations

You are small and have problems with some larger weapons.
You are carnivorous and can eat meat at any time.


Message History

You feel sick.
The worker ant bites you but does no damage.
The goblin closely misses you.
You hit the worker ant but do no damage.
The worker ant is heavily wounded.
The worker ant closely misses you.
Robin's horned helmet rattles.
Robin roars a battlecry!
The hobgoblin goes into a battle-frenzy!
The goblin hits you.
* * * LOW HITPOINT WARNING * * *
You hear a shout!
You hit the worker ant.
The worker ant is heavily wounded.
The worker ant closely misses you.
A goblin comes into view. It is wielding a +0 dagger.
You hit the worker ant but do no damage.
The worker ant is heavily wounded.
You feel sick. The worker ant bites you.
You die... ..# # #.# #.gg######### #.# #ggggga@g.#

#.#
#...#######.#
#.# # #.# #.#
#.# #.# #.#
#.# #.# #.#
#.# #<#
#.#######.#
#..<......#


You could see a worker ant, Robin, 2 hobgoblins and 5 goblins.

Vanquished Creatures
  2 adders (D:2)
  An ooze (D:1)
  2 worms (D:2)
  6 leopard geckos
  2 bats
  A giant cockroach (D:2)
  6 goblins
  7 hobgoblins
  2 jackals (D:2)
  3 frilled lizards
  10 kobolds
  A leopard gecko zombie (D:2)
  5 rats
48 creatures vanquished.

Notes
Turn   | Place    | Note
-------+----------+-------------------------------------------
     0 | D:1      | Hasart the Kobold Monk began the quest for the Orb.
     0 | D:1      | Reached XP level 1. HP: 14/14 MP: 1/1
    31 | D:1      | Reached XP level 2. HP: 12/19 MP: 2/2
   539 | D:1      | Reached XP level 3. HP: 23/23 MP: 3/3
  1879 | D:2      | Reached skill level 5 in Short Blades
  1879 | D:2      | Reached XP level 4. HP: 6/29 MP: 4/4
  2906 | D:3      | Noticed Robin
  2918 | D:3      | Slain by a worker ant

Levels and vault maps discovered:
D:1:      dpeg_arrival_simpleton_a, layout_basic
D:2:      layout_basic
D:3:      layout_loops_ring, marbit_many_paths, first_ration,
          uniq_crazy_yiuf_cottage, uniq_robin, uniq_jessica

Skill      XL: |  1  2  3 |
---------------+----------+-----
Stealth        | 3 |  3.6
Dodging        | 4 |  4.2
Short Blades   | 5 |  5.3
Fighting       | |  3.9

Action                   |  1- 3 |  4- 6 || total
-------------------------+-------+-------++-------
Melee: Short sword       |   154 |    88 ||   242
  Use: Scroll            |       |     6 ||     6
       Potion            |       |     3 ||     3
 Stab: Sleeping          |     8 |     1 ||     9
  Eat: Chunk             |    11 |     3 ||    14
Armor: Robe              |     7 |     9 ||    16
Dodge: Dodged            |    87 |    69 ||   156

Table legend:
 A = Non-vault XP
 B = Vault XP
 C = Vault XP percentage of total XP
 D = Non-vault monster count
 E = Vault monster count
 F = Vault count percentage of total count
                 A         B        C        D         E       F
            +---------+---------+-------+---------+---------+-------
      Total |     121 |       0 |   0.0 |      48 |       0 |   0.0
            +---------+---------+-------+---------+---------+-------
        D:1 |      47 |       0 |   0.0 |      24 |       0 |   0.0
        D:2 |      71 |       0 |   0.0 |      23 |       0 |   0.0
        D:3 |       3 |       0 |   0.0 |       1 |       0 |   0.0
            +---------+---------+-------+---------+---------+-------
